 Dungeon Crawl Stone Soup version 0.29-a0-219-g0a02b1cf4f (webtiles) character file.

Game seed: 15060833090447785177

85659 Anon1729 the Fey Draconian (level 15, -2/88 (137) HPs)
             Began as a Pale Draconian Monk on Feb 25, 2022.
             Was an Initiate of Yredelemnul.
             Shot with an arrow by something (8 damage)
             ... on level 2 of the Orcish Mines.
             The game lasted 01:16:34 (24189 turns).

Anon1729 the Fey Draconian (Pale Draconian Monk)   Turns: 24189, Time: 01:16:34

HP:   -2/88 (137)   AC: 20    Str: 17    XL:     15   Next: 38%
MP:   34/34         EV: 20    Int: 18    God:    Yredelemnul [......]
Gold: 2484          SH:  0    Dex: 20    Spells: 14/14 levels left

rFire   . . .      SeeInvis .   a - +2 long sword (flame)
rCold   + . .      Faith    .   (no shield)
rNeg    . . .      Spirit   .   (body armour unavailable)
rPois   .          Reflect  .   p - +2 hat
rElec   .          Harm     .   c - +0 cloak
rCorr   .          Rampage  .   P - +1 pair of gloves
Will    ++...                   O - +1 pair of boots "Kical" {Will+}
Stlth   +++++.....              l - amulet of regeneration
HPRegen 1.04/turn               Z - ring of Lafeikeo {rC+ MP+9 Str+4 Int+6}
MPRegen 0.24/turn               q - +4 ring of protection

@: lethally poisoned (-2 -> -44), about to teleport, marked, very heavily
drained
A: breathe steam, AC +9, unfitting armour, cold-blooded, steam resistance
a: Breathe Steam, Renounce Religion, Recall Undead Harvest


You were on level 2 of the Orcish Mines.
You worshipped Yredelemnul.
Yredelemnul was pleased with you.
You visited 3 branches of the dungeon, and saw 20 of its levels.
You visited the Abyss 1 time.
You also visited: Ossuary, Gauntlet, Ice Cave and Volcano.

You collected 2702 gold pieces.
You spent 218 gold pieces at shops.

Inventory:

Hand Weapons
 a - a +2 long sword of flaming (weapon)
Missiles
 w - 13 atropa-tipped darts
 z - 4 throwing nets
 X - 5 datura-tipped darts
Armour
 c - a +0 cloak (worn)
 p - a +2 hat (worn)
 O - the +1 pair of boots "Kical" (worn) {Will+}
   (You found it on level 8 of the Dungeon)

   Will:      It increases your willpower.
 P - a +1 pair of gloves (worn)
 V - the +1 buckler of Words of Power {rPois Regen+ Str+3}
   (You acquired it on level 10 of the Dungeon)

   Str:       It affects your strength (+3).
   rPois:     It protects you from poison.
   Regen:     It increases your rate of health regeneration.
 W - the +4 pair of gloves "Vyr Wineozod" {Harm Str+4}
   (You bought it in a shop on level 10 of the Dungeon)

   Str:       It affects your strength (+4).
   Harm:      It increases damage dealt and taken.
Jewellery
 j - a ring of flight
 l - an amulet of regeneration (around neck)
 q - a +4 ring of protection (right hand)
 r - a ring of protection from cold
 x - a ring of fire
 E - an amulet of faith
 G - the ring "Quugoa" {Contam rPois rCorr Int+2}
   (You found it in a Gauntlet)

   [ring of resist corrosion]

   Int:       It affects your intelligence (+2).
   rPois:     It protects you from poison.
   Contam:    It causes magical contamination when unequipped.
   rCorr:     It protects you from acid and corrosion.
 N - a ring of positive energy
 S - an amulet of guardian spirit
 Z - the ring of Lafeikeo (left hand) {rC+ MP+9 Str+4 Int+6}
   (You found it in an ice cave)

   [ring of intelligence]

   Str:       It affects your strength (+4).
   Int:       It affects your intelligence (+6).
   rC:        It protects you from cold.
   MP:        It affects your magic capacity (+9).
Wands
 m - a wand of polymorph (30)
 y - a wand of flame (32)
 D - a wand of mindburst (30)
 K - a wand of paralysis (9) (quivered)
 Y - a wand of digging (3)
Scrolls
 b - a scroll of teleportation
 e - 2 scrolls of torment
 f - 2 scrolls of enchant weapon
 g - 2 scrolls of fog
 i - 2 scrolls of blinking
 n - a scroll of fear
 t - 3 scrolls of magic mapping
 C - a scroll of silence
 H - 5 scrolls of immolation
 M - 4 scrolls of enchant armour
 R - a scroll of summoning
 U - a scroll of acquirement
Potions
 d - 2 potions of lignification
 h - 2 potions of magic
 o - a potion of resistance
 s - 3 potions of ambrosia
 u - 2 potions of attraction
 A - 2 potions of heal wounds
 B - 2 potions of might
 F - 5 potions of brilliance
 I - 6 potions of mutation
 J - 2 potions of cancellation
Miscellaneous
 k - a tin of tremorstones (inert)
 Q - a piece from Xom's chessboard (15/15)
 T - a phantom mirror


   Skills:
 + Level 13.7 Fighting
 + Level 12.7 Long Blades
 + Level 11.7 Dodging
 + Level 12.5 Stealth
 - Level 4.0 Shields
 * Level 14.4 Invocations


You had 14 spell levels left.
You didn't know any spells.
Your spell library contained the following spells:

 Spells                   Type           Power      Damage    Failure   Level
 Apportation              Tloc           0%         N/A       22%         1
 Beastly Appendage        Tmut           0%         N/A       22%         1
 Blink                    Tloc           0%         N/A       32%         2
 Static Discharge         Conj/Air       0%         N/A       32%         2
 Sublimation of Blood     Necr           0%         N/A       32%         2
 Call Canine Familiar     Summ           0%         N/A       54%         3
 Dazzling Flash           Conj/Hex       0%         N/A       54%         3
 Lesser Beckoning         Tloc           0%         N/A       54%         3
 Portal Projectile        Hex/Tloc       0%         N/A       54%         3
 Airstrike                Air            0%         N/A       91%         4
 Animate Dead             Necr           0%         N/A       91%         4
 Dispel Undead            Necr           0%         3d6       91%         4
 Hailstorm                Conj/Ice       0%         3d3       91%         4
 Ice Form                 Ice/Tmut       0%         N/A       91%         4
 Leda's Liquefaction      Hex/Erth       0%         N/A       91%         4
 Petrify                  Tmut/Erth      0%         N/A       91%         4
 Sticky Flame             Conj/Fire      0%         2d3       91%         4
 Summon Lightning Spire   Summ/Air       0%         N/A       91%         4
 Agony                    Necr           0%         N/A       99%         5
 Alistair's Intoxication  Tmut/Pois      0%         N/A       99%         5
 Irradiate                Conj/Tmut      0%         3d13      99%         5
 Lightning Bolt           Conj/Air       0%         1d11      99%         5
 Manifold Assault         Tloc           0%         N/A       99%         5
 Silence                  Hex/Air        0%         N/A       99%         5
 Simulacrum               Ice/Necr       0%         N/A       100%        6
 Haunt                    Necr/Summ      0%         N/A       100%        7
 Infestation              Necr           0%         N/A       100%        8


Dungeon Overview and Level Annotations

Branches:
Dungeon (12/15)            Temple (0/1) D:7            Lair (6/6) D:10
  Swamp (0/4) Lair:4       Spider (0/4) Lair:2        Slime (0/5) Lair:6
    Orc (2/2) D:10            Elf (0/3) Orc:2       Ossuary (visited)
  IceCv (visited)         Volcano (visited)         Gauntlet (visited)

Altars:
Gozag
Hepliaklqana
Nemelex Xobeh
Sif Muna
Xom
Yredelemnul
The Shining One
Jiyva
Lugonu

Shops:
D:10 [   Orc:2 :?

Portals:
Abyss: Lair:6

Annotations:
D:4 3 runed translucent doors, DEFE's ghost, amateur DsFi
D:6 1 runed translucent door, Hasart's ghost, novice DgHu
D:7 2 runed translucent doors, StormphoenixUK's ghost, novice DsBe
Orc:2 Nessos


Innate Abilities, Weirdness & Mutations

You can breathe blasts of scalding, opaque steam.
Your pale cyan-grey scales are hard. (AC +9)
You cannot fit into any form of body armour.
You are cold-blooded and may be slowed by cold attacks.
You are immune to the effects of steam.


Message History

Level annotation: Nessos Welcome back, Anon1729 the Pale Draconian Monk.
Yredelemnul says: Carry the black torch!
Rouse the idle dead!
Press ? for a list of commands and other information.
You hit the ogre mage. You burn the ogre mage.
The ogre mage is moderately wounded.
You hear a loud twanging sound.
An arrow appears from out of thin air!
Deactivating autopickup; reactivate with Ctrl-A.
The arrow hits you. The arrow burns you.
You are poisoned.
An orc sorcerer comes into view. It is wielding a +0 dagger.
The orc wizard gestures at you while chanting.
The magic dart hits you.
The ogre mage hits you with a +1 flail of holy wrath.
You slice the ogre mage!! You burn the ogre mage.
You tail-slap the ogre mage, but do no damage.
The ogre mage is severely wounded.
You feel sick.
You hear a loud twanging sound.
An arrow appears from out of thin air!
The arrow hits you!! The arrow burns you!
You are more poisoned.
An orc wizard comes into view. It is wielding a +0 dagger.
The orc wizard casts a spell at you. The puff of flame hits you.
The ogre mage completely misses you.
As you read the scroll of teleportation, it crumbles to dust.
You feel strangely unstable.
You feel extremely sick.
You hear a loud twanging sound.
An arrow appears from out of thin air!
The arrow hits you!!
* * * LOW HITPOINT WARNING * * *
The arrow burns you!
You are more poisoned.
* * * LOW HITPOINT WARNING * * *
The ogre barely misses you.
You hear a loud twanging sound.
An arrow appears from out of thin air!
The arrow hits you!
You die...
Your body rises from the dead as a mindless zombie.

..........≈≈≈≈###∩###≈§)..≈§###
..........###≈#.....#§≈§..≈§#
.........##≈###..#..##≈§).≈##
...)[....##≈≈#..§#≈..#≈§..≈#
..[.....###≈≈#..≈#≈..#≈...≈#
...))[..###≈≈8..≈#≈[.#.....#.
....<<..##§§§....#.[....8......
...[..[.##§§§≈.....[.{.........
........##≈≈§§.O@[.........§...
........##§≈≈≈.O§≈≈≈≈≈≈≈§§≈§≈≈≈
##....>.##≈≈≈.oo≈##############
.##.....###§....≈#
..#....####≈..8oo#
_.)......##≈.....#
..#......##≈#o#o##
.##.##....###..o ##..#.....#


You could see an ogre mage, an orc sorcerer, an ogre, 4 orc wizards and 2 orcs.

Vanquished Creatures
  Gastronok (Lair:1)
  Kirke (Lair:5)
  A deep elf elementalist (Abyss:2)
  A spectral human (D:10)
  A minotaur (Gauntlet)
  Snorg (Orc:1)
  An ettin (Orc:2)
  Fannar (Orc:1)
  A boulder beetle (Lair:6)
  2 hydras
  An ogre mage (D:10)
  7 two-headed ogres
  A dancing weapon (Volcano)
  A thrashing horror (Lair:6)
  An orc high priest (Orc:1)
  3 wizards (Volcano)
  An obsidian statue (D:10)
  A bog body (Lair:4)
  A deep elf pyromancer (D:12)
  A manticore (D:12)
  A wolf spider (Lair:1)
  3 orc sorcerers
  A cyclops (Orc:1)
  2 ugly things (IceCv)
  5 elephants
  3 black mambas
  5 toenail golems (Volcano)
  2 smoke demons (Abyss:2)
  A gargoyle (D:11)
  3 ice statues (IceCv)
  8 cane toads
  Maggie (D:6)
  4 rime drakes
  A minotaur zombie (Gauntlet)
  8 komodo dragons
  A troll (Orc:1)
  An ancient zyme (Lair:6)
  2 polar bears
  An entropy weaver simulacrum (IceCv)
  A hornet (shapeshifter) (Abyss:2)
  19 blink frogs
  A hornet (D:9)
  2 slime creatures (D:12)
  A large abomination (Lair:6)
  A raiju (Abyss:2)
  A jumping spider (Lair:2)
  A vampire (D:11)
  A dire elephant simulacrum (IceCv)
  A culicivora (Lair:2)
  A shadow (D:12)
  48 yaks
  A wyvern (Lair:3)
  2 humans (Lair:5)
  6 basilisks
  3 wraiths
  A hog (Lair:5)
  A wyvern (shapeshifter) (Lair:6)
  2 chaos spawn (Lair:6)
  3 steam dragons
  A redback (Lair:2)
  A harpy simulacrum (IceCv)
  6 wargs
  12 water moccasins
  2 acid dragons (Gauntlet)
  3 ice beasts
  19 orc warriors
  2 necrophages (D:5)
  A sky beast (D:5)
  5 ogres
  29 wolves
  3 centaurs
  2 phantoms (D:5)
  2 kobold brigands
  10 bullfrogs
  A wyvern zombie (D:8)
  A gnoll sergeant (D:7)
  3 scorpions
  A cane toad simulacrum (IceCv)
  A warg zombie (D:9)
  8 wights
  2 elephant simulacra (IceCv)
  8 killer bees (D:9)
  An electric eel (D:10)
  4 howler monkeys
  2 small abominations
  A jelly (D:5)
  6 centaur zombies
  2 hounds
  Crazy Yiuf (D:3)
  16 orc priests
  A gnoll shaman (D:4)
  27 orc wizards
  6 iguanas
  2 hell rats (Lair:5)
  2 polar bear simulacra (IceCv)
  2 spriggan simulacra (D:11)
  3 killer bee zombies
  3 mummies (Ossuary)
  A howler monkey zombie (D:8)
  15 gnolls
  2 naga simulacra (D:11)
  An adder (D:2)
  A shadow imp (D:7)
  A white imp (D:7)
  3 ufetubi (D:5)
  2 worms (D:3)
  A dart slug (D:1)
  71 orcs
  A ball python (D:1)
  4 endoplasms
  4 giant cockroaches
  5 goblins
  7 hobgoblins
  7 jackals (D:1)
  A quokka (D:5)
  2 frilled lizards
  5 gnoll zombies
  9 kobolds
  2 kobold zombies
  5 orc zombies
  6 rats
  A bush (Lair:1)
538 creatures vanquished.

Vanquished Creatures (collateral kills)
  Saint Roka (Orc:1)
  2 hydras
  3 two-headed ogres
  2 thrashing horrors (Lair:6)
  Urug (Orc:1)
  A large abomination (Lair:6)
  Lodul (D:11)
  A lindwurm (Lair:5)
  A manticore (D:12)
  A wolf spider (Lair:1)
  An ugly thing (Lair:6)
  2 oklob plants
  A cyclops (D:11)
  5 elephants
  An ice statue (D:10)
  2 smoke demons (Lair:6)
  A gargoyle (D:12)
  4 cane toads
  A rime drake (Lair:5)
  2 komodo dragons
  An ancient zyme (Lair:6)
  2 trolls
  A queen bee (shapeshifter) (Lair:6)
  2 hornets
  A polar bear (Lair:5)
  13 blink frogs
  3 slime creatures (D:12)
  A jumping spider (Lair:2)
  A wraith (D:10)
  A ynoxinul (Lair:6)
  2 wyverns
  11 yaks
  A hog (Lair:5)
  3 basilisks
  2 wargs (Orc:1)
  4 water moccasins
  A black bear (D:7)
  3 ogres
  8 orc warriors
  21 wolves
  A centaur (D:9)
  5 bullfrogs
  3 killer bees (D:9)
  A wight (D:8)
  2 howler monkeys
  4 small abominations (Lair:6)
  A hound (D:5)
  3 orc priests
  3 orc wizards
  2 hell rats (Lair:5)
  2 gnolls (D:5)
  An adder (D:5)
  2 orc zombies (Orc:2)
  19 orcs
  A jackal (D:1)
  A ball python (D:4)
  5 kobolds
  A bush (Lair:4)
173 creatures vanquished.

Vanquished Creatures (others)
  2 wizards (Volcano)
  A black mamba zombie (Lair:6)
  A two-headed ogre zombie (D:11)
  A cane toad zombie (Lair:6)
  A spectral smoke demon (Lair:6)
  2 elephant zombies
  An ogre (Orc:2)
  7 blink frog zombies
  2 rime drake zombies (Lair:6)
  A spectral chaos spawn (Lair:6)
  5 komodo dragon zombies
  4 water moccasin zombies
  A warg zombie (Orc:1)
  2 troll zombies
  A polar bear zombie (Lair:5)
  15 yak zombies
  17 wolf zombies
  5 bullfrog zombies
  5 basilisk zombies
  5 orc wizards
  A scorpion zombie (D:5)
  2 killer bee zombies (D:9)
  2 ogre zombies
  2 howler monkey zombies
  A steam dragon zombie (D:10)
  An electric eel zombie (D:10)
  40 orc zombies
  An adder zombie (D:5)
  An iguana zombie (D:5)
  2 orcs (D:10)
  2 gnoll zombies (D:4)
  A frilled lizard zombie (D:3)
  A giant cockroach zombie (D:4)
  A goblin zombie (D:4)
  A hobgoblin zombie (D:4)
  A jackal zombie (D:1)
  2 kobold zombies
  A spectral endoplasm (D:4)
  75 fungi
  100 plants
  5 starspawn tentacles (Abyss:2)
322 creatures vanquished.

Grand Total: 1033 creatures vanquished

Notes
Turn   | Place    | Note
-------+----------+-------------------------------------------
     0 | D:1      | Anon1729 the Draconian Monk began the quest for the Orb.
     0 | D:1      | Reached XP level 1. HP: 19/19 MP: 1/1
   124 | D:1      | Found a faded altar of an unknown god.
   135 | D:1      | Prayed at the altar of an unknown god.
   135 | D:1      | Became a worshipper of Yredelemnul the Dark
   135 | D:1      | Reached * piety under Yredelemnul
   135 | D:1      | Reached ** piety under Yredelemnul
   146 | D:1      | Reached XP level 2. HP: 23/26 MP: 2/2
   634 | D:1      | Reached *** piety under Yredelemnul
   797 | D:1      | Reached XP level 3. HP: 31/31 MP: 3/3
  1385 | D:2      | Reached XP level 4. HP: 26/40 MP: 4/4
  2124 | D:2      | You are sucked into a shaft and drop 1 floor!
  2659 | D:3      | Reached XP level 5. HP: 30/46 MP: 5/5
  2840 | D:3      | Found a runed translucent door.
  2841 | D:3      | Noticed Crazy Yiuf
  3558 | D:3      | Killed Crazy Yiuf
  3744 | D:4      | Found a runed translucent gate.
  3744 | D:4      | Found a runed translucent gate.
  3744 | D:4      | Found a runed translucent gate.
  3744 | D:4      | Noticed DEFE's ghost (amateur DsFi)
  3898 | D:4      | Reached XP level 6. HP: 53/53 MP: 6/6
  4181 | D:4      | Found a sparkling altar of Nemelex Xobeh.
  4226 | D:4      | Noticed a hornet
  4248 | D:4      | Paralysed by a hornet for 3 turns
  4248 | D:4      | Killed a hornet
  4249 | D:4      | Reached skill level 5 in Fighting
  4249 | D:4      | Your scales start taking on a pale cyan-grey colour.
  4249 | D:4      | Reached XP level 7. HP: 28/61 MP: 7/7
  4249 | D:4      | Gained mutation: You are immune to the effects of steam.
                  | [Pale Draconian growth]
  4528 | D:5      | Entered Level 5 of the Dungeon
  4559 | D:5      | Reached skill level 5 in Long Blades
  4775 | D:5      | Found a glowing golden altar of the Shining One.
  4916 | D:5      | Reached XP level 8. HP: 65/70 MP: 8/8
  4919 | D:5      | Reached skill level 5 in Dodging
  4941 | D:5      | Reached skill level 5 in Stealth
  5125 | D:5      | Found an opulent altar of Gozag.
  5141 | D:5      | Identified the +6 spear of the Fool {holy, rN++ Str+4 Dex-5
                  | Stlth+}
  5201 | D:5      | Reached **** piety under Yredelemnul
  5579 | D:5      | Reached XP level 9. HP: 39/79 MP: 9/9
  5671 | D:6      | Found a runed translucent door.
  5678 | D:6      | Noticed Hasart's ghost (novice DgHu)
  5846 | D:6      | Found a hazy altar of Hepliaklqana.
  5923 | D:6      | Noticed Maggie
  5942 | D:6      | Killed Maggie
  6403 | D:7      | Found a staircase to the Ecumenical Temple.
  6580 | D:7      | Found a sand-covered staircase.
  6589 | Ossuary  | Entered an ossuary
  6940 | D:7      | Found a large runed translucent door.
  6942 | D:7      | Found a large runed translucent door.
  6944 | D:7      | Noticed StormphoenixUK's ghost (novice DsBe)
  7297 | D:8      | Found a basalt altar of Yredelemnul.
  7357 | D:8      | Reached XP level 10. HP: 30/90 MP: 10/10
  7790 | D:8      | Identified the +1 pair of boots "Kical" {Will+}
  7863 | D:8      | Found a shimmering altar of Xom.
  8124 | D:9      | Noticed Erolcha
  8134 | D:9      | Noticed Erolcha
  8142 | D:9      | Killed Erolcha the warg
  8733 | D:10     | Entered Level 10 of the Dungeon
  8859 | D:10     | Reached skill level 1 in Invocations
  8973 | D:10     | Reached skill level 2 in Invocations
  9203 | D:10     | Reached skill level 3 in Invocations
  9236 | D:10     | Reached XP level 11. HP: 86/99 MP: 13/13
  9306 | D:10     | Found a staircase to the Lair.
  9518 | D:10     | Found a staircase to the Orcish Mines.
  9588 | D:10     | Found Exeitome's Antique Armour Shoppe.
  9597 | D:10     | Bought a pair of masterwork gloves for 218 gold pieces
  9597 | D:10     | Identified the +4 pair of gloves "Vyr Wineozod" {Harm
                  | Str+4} (You bought it in a shop on level 10 of the Dungeon)
  9598 | D:10     | Identified 2 scrolls of acquirement
  9599 | D:10     | Acquired the +1 buckler of Words of Power {rPois Regen+
                  | Str+3}
  9684 | D:10     | Reached skill level 10 in Fighting
  9684 | D:10     | Reached skill level 4 in Invocations
  9759 | D:10     | Noticed an obsidian statue
 10010 | D:11     | Noticed a two-headed ogre
 10020 | D:11     | Killed a two-headed ogre
 10021 | D:11     | Reached skill level 1 in Shields
 10098 | D:11     | Noticed a two-headed ogre
 10098 | D:11     | Noticed a two-headed ogre
 10098 | D:11     | Noticed Lodul
 10108 | D:11     | Paralysed by a hornet for 2 turns
 10176 | D:11     | Found a frozen archway.
 10206 | IceCv    | Entered an ice cave
 10235 | IceCv    | Reached skill level 5 in Invocations
 10313 | IceCv    | Noticed a white ugly thing
 10331 | IceCv    | Killed a white ugly thing
 10600 | IceCv    | Noticed a white ugly thing
 10896 | IceCv    | Killed a white ugly thing
 10915 | IceCv    | Identified the ring of Lafeikeo {rC+ MP+9 Str+4 Int+6}
 11111 | D:11     | Reached skill level 6 in Invocations
 11481 | D:11     | Noticed a two-headed ogre
 11482 | D:11     | Noticed a two-headed ogre
 11482 | D:11     | Noticed a two-headed ogre
 11485 | D:11     | Noticed a two-headed ogre
 11498 | D:11     | Killed Lodul
 11511 | D:11     | Killed a two-headed ogre
 11512 | D:11     | Reached XP level 12. HP: 56/108 MP: 17/17
 11512 | D:11     | Killed a two-headed ogre
 11521 | D:11     | Killed a two-headed ogre
 11522 | D:11     | Reached skill level 7 in Invocations
 11587 | D:11     | Noticed a two-headed ogre
 11595 | D:11     | Killed a two-headed ogre
 11619 | D:11     | Killed a two-headed ogre
 11620 | D:11     | Reached skill level 10 in Long Blades
 11630 | D:11     | Killed a two-headed ogre
 11838 | D:12     | Found a gate leading to a gauntlet.
 11847 | Gauntlet | Entered a Gauntlet
 11847 | Gauntlet | Found a transporter.
 11861 | Gauntlet | Found a transporter.
 11864 | Gauntlet | Found a transporter.
 11865 | Gauntlet | Found a transporter.
 11876 | Gauntlet | Found a transporter.
 11876 | Gauntlet | Found a transporter.
 11877 | Gauntlet | Found a transporter.
 11889 | Gauntlet | Found a transporter.
 11890 | Gauntlet | Found a transporter.
 11890 | Gauntlet | Found a transporter.
 11902 | Gauntlet | Found a transporter.
 11903 | Gauntlet | Found a transporter.
 11904 | Gauntlet | Found a transporter.
 11907 | Gauntlet | Found a runed translucent door.
 11908 | Gauntlet | Found a runed translucent door.
 11911 | Gauntlet | Found a transporter.
 11912 | Gauntlet | Noticed a blizzard demon
 12029 | Gauntlet | Identified the ring "Quugoa" {Contam rPois rCorr Int+2}
 12144 | Gauntlet | Noticed a minotaur
 12168 | Gauntlet | Killed a minotaur
 12169 | Gauntlet | Reached skill level 8 in Invocations
 12769 | Lair:1   | Entered Level 1 of the Lair of Beasts
 12843 | Lair:1   | Noticed Gastronok
 13023 | Lair:1   | Reached skill level 10 in Stealth
 13718 | Lair:1   | Killed Gastronok
 13719 | Lair:1   | Reached skill level 9 in Invocations
 14144 | Lair:2   | Noticed a four-headed hydra
 14152 | Lair:2   | Killed a one-headed hydra
 14161 | Lair:2   | Reached XP level 13. HP: 91/116 MP: 20/20
 14341 | Lair:2   | Reached ***** piety under Yredelemnul
 14667 | Lair:2   | Found a hole to the Spider Nest.
 15380 | Lair:3   | Reached skill level 10 in Invocations
 15494 | Lair:3   | Reached skill level 10 in Dodging
 16597 | Lair:4   | Found a dark tunnel.
 16628 | Volcano  | Entered a volcano
 16693 | Volcano  | Reached skill level 11 in Invocations
 16707 | Volcano  | Cast into level 2 of the Abyss (a wizard)
 16748 | Abyss:2  | Found a corrupted altar of Lugonu.
 16832 | Abyss:2  | Noticed a deep elf elementalist
 16841 | Abyss:2  | Killed a deep elf elementalist
 16894 | Abyss:2  | Noticed a tentacled starspawn
 16998 | Abyss:2  | Noticed a cyan very ugly thing
 17082 | Abyss:2  | Noticed a tentacled starspawn
 17086 | Volcano  | Escaped the Abyss
 17648 | Lair:4   | Found a staircase to the Swamp.
 17863 | Lair:4   | Noticed Rupert
 17886 | Lair:4   | Killed Rupert
 17886 | Lair:4   | Enslaved Rupert
 18077 | Lair:5   | Noticed Kirke
 18108 | Lair:5   | Killed Kirke
 18168 | Lair:5   | Reached XP level 14. HP: 102/127 MP: 22/22
 18284 | Lair:5   | Reached skill level 12 in Invocations
 18420 | Lair:5   | Reached ****** piety under Yredelemnul
 18983 | Lair:6   | Entered Level 6 of the Lair of Beasts
 19115 | Lair:6   | Found a staircase to the Slime Pits.
 19513 | Lair:6   | Reached skill level 13 in Invocations
 19838 | Lair:6   | Found a corrupted altar of Lugonu.
 19838 | Lair:6   | Found a one-way gate to the infinite horrors of the Abyss.
 20266 | Lair:6   | Found a viscous altar of Jiyva.
 20305 | Lair:6   | Identified the +0 scale mail "Doiduor" {rN+ Will+ Int+3}
 21192 | D:12     | Reached XP level 15. HP: 122/136 MP: 25/25
 21539 | Orc:1    | Entered Level 1 of the Orcish Mines
 21544 | Orc:1    | Noticed Fannar
 21714 | Orc:1    | Killed Fannar
 21743 | Orc:1    | Reached skill level 14 in Invocations
 21855 | Orc:2    | Entered Level 2 of the Orcish Mines
 21855 | Orc:2    | Found a staircase to the Elven Halls.
 21865 | Orc:2    | Noticed Saint Roka
 21945 | Orc:2    | Noticed Urug
 22002 | Orc:2    | Noticed Snorg
 22380 | Orc:1    | Killed Urug
 22554 | Orc:1    | Killed Saint Roka
 22827 | Orc:1    | Killed Snorg
 22834 | Orc:1    | Paralysed by Rupert for 7 turns
 22840 | Orc:1    | HP: 6/127 [Rupert the bound human/+2 great mace of draining
                  | (11)]
 22846 | Orc:1    | Your ally Snorg died
 23599 | Orc:2    | Found Sycvon's Book Shop.
 23756 | Orc:2    | Found a shimmering blue altar of Sif Muna.
 23961 | Orc:2    | Got Sif Muna's Guide on Transmutation
 24173 | Orc:2    | Found Zeihune's Magic Scroll Emporium.
 24183 | Orc:2    | Noticed Nessos
 24189 | Orc:2    | Shot with an arrow by something

Illustrated notes

Levels and vault maps discovered:
D:1:      tarquinn_simple_flora_water_b, layout_loops_ring,
          hellmonk_ecumenical_altar_zigzags
D:2:      layout_loops_corners, amcnicky_mini_rare_corridor_liquid
D:3:      layout_loops_corners, uniq_crazy_yiuf_cottage
D:4:      layout_loops_ring, nemelex_spade_bored_becter,
          ebering_ghost_rock_garden, lemuel_old_faithful
D:5:      minmay_bubble_buster, layout_basic, nicolae_gozag_seed_capital,
          mainiacjoe_overflow_small_starburst
D:6:      layout_basic, kennysheep_little_box, ebering_ghost_reflecting_pool,
          uniq_maggie
D:7:      layout_cave_pools, minmay_temple_entry_sparse_star,
          ebering_ghost_disaster_area, lightli_ossuary_entry_decrepit_ruins,
          grunt_decor_arrowhead, kennysheep_doodads, chequers_arboretum
D:8:      nicolae_BIG_FREAKIN_CUBE, layout_gridville, lemuel_crystal_altar,
          nicolae_yredelemnul_corpse_copse
D:9:      layout_small_grid, uniq_erolcha
D:10:     layout_roguey, erik_lair_dragon, erik_orc_2, serial_shops, shop,
          minmay_misc_feat_columns, david_greed
D:11:     layout_gridville, portal_ice_cave_entry_ice_simulacra, uniq_lodul
D:12:     layout_small_grid, gauntlet_entry_generic
Lair:1:   layout_loops_ring, nicolae_lair_run_with_the_wolves,
          grunt_megastairs_4, uniq_gastronok
Lair:2:   layout_regular_city, spider_nest_entry_funnel_web
Lair:3:   layout_concentric_octagons, serial_rivers,
          chequers_serial_rivers_micro_a, chequers_serial_rivers_small_b,
          chequers_serial_rivers_room_b, chequers_serial_rivers_micro_a,
          chequers_serial_rivers_micro_d, chequers_serial_rivers_large_a
Lair:4:   layout_hall_layers, skrybe_swamp_entry_bodies, enter_volcano_1,
          lemuel_fruit_tree, uniq_rupert
Lair:5:   layout_loops_ring, uniq_kirke
Lair:6:   hellmonk_lair_end_abyssal_woods, layout_misc_corridors, slime_altar_1,
          grunt_forest_large_clearings, grunt_megastairs_5
Orc:1:    layout_diamond_mine, uniq_fannar
Orc:2:    kennysheep_orc_mage_school, layout_caves, serial_shops,
          nicolae_diamond_shop, led_sif_book, uniq_urug, uniq_nessos,
          uniq_snorg, uniq_saint_roka

Skill      XL: |  1  2  3  4  5  6  7  8  9 10 11 12 13 14 15 |
---------------+----------------------------------------------+-----
Stealth        | 2 3 4 6 7 8 9 10 11 12 | 12.5
Dodging        | 3 4 6 7 8 9 10 11 | 11.7
Fighting       | 4 5 6 7 8 9 10 11 12 13 | 13.7
Long Blades    | 4 5 6 7 9 10 11 12 | 12.7
Invocations    | 3 6 9 11 13 14 | 14.4
Shields        | 3 4 |  4.0

Action                   |  1- 3 |  4- 6 |  7- 9 | 10-12 | 13-15 || total
-------------------------+-------+-------+-------+-------+-------++-------
Melee: Falchion          |    63 |    96 |       |       |       ||   159
       Tailslap          |    11 |    20 |    60 |   181 |   250 ||   522
       Long sword        |       |    58 |   362 |  1003 |  1179 ||  2602
       Punch             |       |     1 |     4 |    10 |    19 ||    34
Throw: Throwing net      |       |       |       |     1 |     4 ||     5
       Dart              |       |       |       |       |     1 ||     1
Invok: Recall Undead Har |       |     1 |     1 |     3 |    16 ||    21
       Dark Bargain      |       |       |       |     1 |       ||     1
       Bind Soul         |       |       |       |       |     1 ||     1
 Abil: Breathe Steam     |       |       |     8 |    44 |    27 ||    79
Evoke: Wand              |       |       |       |    23 |    14 ||    37
       Tin of tremorston |       |       |       |       |     2 ||     2
  Use: Potion            |     1 |       |       |    11 |     1 ||    13
       Scroll            |       |     1 |     9 |    13 |    11 ||    34
 Stab: Sleeping          |     2 |     9 |     9 |    14 |    22 ||    56
       Distracted        |       |     1 |     7 |     7 |    16 ||    31
       Paralysed         |       |       |       |       |    22 ||    22
       Confused          |       |       |       |       |     7 ||     7
       Fleeing           |       |       |       |       |     1 ||     1
Armor: Skin              |    14 |    41 |   137 |   342 |   386 ||   920
Dodge: Dodged            |    43 |    98 |   319 |   945 |  1182 ||  2587

Table legend: (Time is in decaauts)
 A = Elapsed time spent in this place.
 B = Non-inter-level travel time spent in this place.
 C = Inter-level travel time spent in this place.
 D = Time resting spent in this place.
 E = Time spent auto-exploring this place.
 F = Levels seen in this place.
 G = Mean time per level.
                   A        B        C        D        E       F      G
               +--------+--------+--------+--------+--------+-----+--------+
         Total |  24020 |  22430 |   1590 |   2730 |  12421 |  25 |  960.8 |
       Dungeon |  12609 |  11359 |   1250 |    880 |   7322 |  12 | 1050.8 |
          Lair |   6877 |   6630 |    247 |    589 |   4061 |   6 | 1146.2 |
  Orcish Mines |   2201 |   2108 |     93 |    718 |    554 |   2 | 1100.5 |
         Abyss |    371 |    371 |      0 |      0 |     80 |   1 |  371.0 |
       Ossuary |    260 |    260 |      0 |      0 |    105 |   1 |  260.0 |
      Ice Cave |    751 |    751 |      0 |    313 |      0 |   1 |  751.0 |
       Volcano |    415 |    415 |      0 |     29 |    164 |   1 |  415.0 |
      Gauntlet |    532 |    532 |      0 |    201 |    135 |   1 |  532.0 |
               +--------+--------+--------+--------+--------+-----+--------+

Top non-repeatable levels by time:
    D:10: 2069 daAuts
   Orc:1: 1515 daAuts
     D:1: 1359 daAuts
  Lair:6: 1330 daAuts
  Lair:2: 1187 daAuts
  Lair:4: 1185 daAuts
     D:3: 1182 daAuts
     D:2: 1145 daAuts
     D:5: 1127 daAuts
  Lair:1: 1119 daAuts
    D:11: 1093 daAuts
  Lair:3: 1061 daAuts
  Lair:5: 992 daAuts
     D:4: 882 daAuts
     D:8: 795 daAuts
